Map: Ulrena

Players

Grumm

  • Race: Protoss Protoss
  • League: Gold

Matt - Winner!

  • Race: Zerg Zerg
  • League: Gold

VOD

Have the link to the VOD?

Description

Time

  • Played on: Jan. 8, 2016, 7:09 p.m.
  • Length: 7:41
Show
View Real Time Build Order
Export as new Build Order

Grumm Protoss 

Build Orders:  

Get SALT Encoding   

  12  0:01  Probe (Chrono Boost)  
  13  0:11  Probe (Chrono Boost)  
  14  0:19  Pylon  
  14  0:22  Probe (Chrono Boost)  
  15  0:32  Assimilator  
  15  0:37  Probe (Chrono Boost)  
  16  0:47  Gateway  
  16  0:49  Probe (Chrono Boost)  
  17  1:05  Probe (Chrono Boost)  
  18  1:13  Gateway  
  18  1:15  Probe (Chrono Boost)  
  19  1:19  Pylon  
  19  1:27  Probe (Chrono Boost)  
  20  1:35  Zealot (Chrono Boost)  
  22  1:49  Cybernetics Core  
  22  1:54  Probe  
  23  2:03  Zealot (Chrono Boost)  
  23  2:06  Zealot (Chrono Boost)  
  27  2:16  Nexus  
  27  2:25  Assimilator  
  26  2:40  Adept (Chrono Boost)  
  27  2:56  Probe  
  28  3:11  Pylon  
  28  3:16  Assimilator  
  28  3:17  Probe  
  28  3:18  Assimilator  
  31  3:28  Stalker (Chrono Boost), Zealot (Chrono Boost)  
  31  3:29  Probe  
  31  3:30  Gateway  
  35  3:41  Probe  
  35  4:08  Probe  
  34  4:12  Warp Gate (Chrono Boost)  
  34  4:14  Stargate, Pylon  
  30  4:20  Probe  
  29  4:36  Stalker  
  29  4:37  Zealot x2  
  29  4:38  Probe  
  36  4:48  Probe  
  36  4:50  Probe  
  38  4:54  Pylon  
  38  4:59  Probe  
  34  5:02  Probe  
  28  5:14  Void Ray (Chrono Boost)  
  22  5:35  Zealot  
  22  5:38  Sentry  
  22  5:41  Probe  
  18  6:06  Probe  
  17  6:19  Probe  
  17  6:20  Probe  
  18  6:35  Probe  
  18  6:37  Probe  
  20  6:46  Probe, Zealot  
  23  7:06  Pylon  
  23  7:21  Gateway  
  16  7:28  Pylon  
Show
View Real Time Build Order
Export as new Build Order

Matt Zerg - Winner!

Build Orders: Pool First 

Get SALT Encoding   

  12  0:01  Drone  
  13  0:12  Overlord  
  13  0:22  Drone  
  14  0:33  Drone  
  14  0:34  Drone  
  16  0:41  Drone  
  17  0:45  Spawning Pool  
  17  0:48  Extractor  
  15  1:16  Drone x3  
  18  1:31  Hatchery  
  17  1:57  Queen  
  17  1:58  Zergling x2  
  17  1:59  Zergling x4  
  22  2:09  Overlord  
  22  2:30  Drone  
  22  2:57  Metabolic Boost  
  20  3:00  Drone x5  
  25  3:08  Extractor  
  25  3:09  Drone  
  25  3:10  Drone x3  
  28  3:19  Spine Crawler  
  27  3:23  Zergling x4  
  29  3:32  Zergling x2  
  29  3:33  Zergling x2  
  29  3:45  Zergling x8  
  30  3:54  Spine Crawler  
  28  3:56  Zergling x4  
  23  4:18  Zergling x2  
  23  4:19  Zergling x6  
  23  4:22  Zergling x8  
  29  4:33  Zergling x4  
  31  4:49  Queen  
  31  4:51  Drone x3  
  34  5:12  Zergling x4  
  34  5:13  Zergling x6  
  35  5:24  Zergling x2  
  36  5:31  Spore Crawler  
  33  5:37  Spore Crawler  
  30  6:07  Overlord x2  
  26  6:23  Zergling x20  
  34  6:27  Lair  
  34  6:38  Zergling x14  
  41  6:59  Zergling x6  
  44  7:11  Zergling x6  
  44  7:12  Zergling x10  
Tags
 
League
GoldGold
Matchup
PvZ
Opening
Pool First
Replay Pack
sc2 replays 2016
Add a new tag
Caveats
  • Supply blocks, unpowered buildings, or Contaminate may cause inaccurate times.
  • Supply counts are checked every 10 seconds.